Map: Neon Violet Square LE

Players

Juxtapose

  • Race: Terran Terran
  • League: Gold
  • Spawn Location: 11:00

infestedMous - Winner!

  • Race: Zerg Zerg
  • League: Platinum
  • Spawn Location: 5:00

VOD

https://youtu.be/1nykGm1etOY

Description

I don't believe I've ever seen a Nydus Rush before; this was fantastic and took me completely off guard.

Ironically I saw and thought about sending my infantry back to kill that Overseer as it was Morphing in, but decided to press my own rush and that cost me.

Another alternative was that I should have kept pressing and tried for a base trade. Oh well.

Time

  • Played on: Jan. 1, 2018, 9:59 a.m.
  • Length: 10:15
Show
View Real Time Build Order
Export as new Build Order

Juxtapose Terran 

Build Orders:  

Get SALT Encoding   

  12  0:01  SCV  
  13  0:13  SCV  
  14  0:22  Supply Depot  
  14  0:25  SCV  
  15  0:44  SCV  
  15  0:47  Barracks  
  16  0:51  Supply Depot  
  16  0:56  SCV  
  17  1:00  Refinery  
  17  1:08  SCV  
  17  1:09  Refinery  
  18  1:20  SCV  
  19  1:34  Orbital Command  
  19  1:37  Marine  
  20  1:57  Barracks Reactor  
  21  2:01  SCV  
  21  2:13  SCV  
  21  2:14  Factory  
  22  2:22  Supply Depot  
  22  2:25  SCV  
  23  2:35  Marine  
  23  2:36  Marine  
  25  2:40  SCV  
  26  2:49  Engineering Bay  
  26  2:52  SCV  
  26  2:55  Marine x2  
  29  3:01  Factory Tech Lab  
  29  3:13  Marine x2  
  31  3:23  Siege Tank  
  34  3:27  Terran Infantry Weapons Level 1  
  34  3:31  Marine x2  
  36  3:34  Supply Depot  
  36  3:37  Supply Depot  
  36  3:49  Marine x2  
  38  3:56  Siege Tank  
  38  4:02  Command Center  
  41  4:07  Marine  
  42  4:13  Marine  
  43  4:22  Supply Depot  
  43  4:24  Marine  
  43  4:28  Siege Tank  
  47  4:31  Marine  
  48  4:42  Marine  
  49  4:55  Marine  
  50  5:00  Siege Tank, Marine  
  54  5:12  Marine  
  55  5:15  Orbital Command  
  55  5:18  Marine  
  56  5:26  Terran Infantry Armor Level 1  
  56  5:30  Marine  
  56  5:32  Siege Tank  
  60  5:36  Marine  
  61  5:47  SCV  
  61  5:48  Marine  
  63  5:53  Marine  
  64  5:57  Orbital Command  
  64  5:59  SCV  
  65  6:06  Marine  
  63  6:11  Marine  
  63  6:15  SCV  
  43  6:27  Marine  
  43  6:29  Siege Tank, Marine  
  38  6:40  SCV  
  39  6:52  SCV  
  40  7:17  SCV  
  41  7:27  Orbital Command, Marine x2  
  41  7:29  SCV  
  44  7:37  Building Armor  
  44  7:41  SCV  
  44  7:44  Refinery  
  45  7:46  Refinery  
  45  7:53  SCV  
  46  7:58  Marine  
  46  8:02  Factory Tech Lab  
  47  8:05  SCV  
  48  8:17  SCV  
  48  8:18  SCV  
  50  8:30  SCV x2  
  42  8:34  Marine x2  
  35  8:52  Marine x2  
  21  9:08  Siege Tank  
  21  9:09  SCV  
  25  9:10  Marine x2  
  27  9:18  Starport  
  27  9:19  SCV  
  27  9:21  SCV  
  29  9:27  Marine  
  29  9:28  Marine  
  31  9:31  SCV  
  31  9:33  SCV  
  32  9:40  Siege Tank  
  32  9:43  SCV  
  32  9:45  SCV, Marine x2  
  32  9:55  SCV  
  32  9:58  SCV  
Show
View Real Time Build Order
Export as new Build Order

infestedMous Zerg - Winner!

Build Orders: Hatch First, Roach Nydus 

Get SALT Encoding   

  12  0:01  Drone  
  13  0:11  Drone  
  14  0:23  Overlord  
  14  0:44  Drone  
  14  0:45  Drone x2  
  17  0:57  Hatchery  
  16  0:58  Drone  
  17  1:15  Spawning Pool  
  17  1:17  Extractor  
  15  1:18  Drone  
  15  1:22  Drone  
  17  1:36  Drone  
  18  1:43  Drone  
  19  1:49  Drone  
  20  2:05  Overlord  
  20  2:15  Queen x2  
  24  2:16  Drone x2  
  26  2:27  Drone x2  
  28  2:35  Drone x2  
  30  2:48  Metabolic Boost  
  30  2:52  Drone x3  
  33  2:59  Overlord  
  33  3:05  Drone x2  
  35  3:20  Drone x2  
  37  3:27  Drone  
  37  3:28  Drone x5  
  37  3:32  Lair  
  43  3:35  Extractor  
  43  3:39  Queen  
  43  3:41  Overlord x2  
  44  3:43  Overlord  
  44  3:47  Extractor  
  43  3:54  Roach Warren  
  42  4:14  Zergling x8  
  42  4:16  Spine Crawler, Drone x3  
  48  4:27  Baneling Nest  
  47  4:37  Roach x6  
  47  4:38  Roach x3  
  65  4:53  Nydus Network  
  65  4:59  Overseer  
  64  5:06  Overlord x2  
  64  5:07  Overlord x2  
  64  5:23  Baneling  
  64  5:24  Baneling x3  
  64  5:36  Roach x3  
  64  5:37  Roach x4  
  78  5:48  Nydus Canal  
  78  5:53  Roach x3  
  78  5:54  Roach  
  83  6:30  Zergling x2  
  83  6:31  Overlord  
  83  6:32  Overlord x2  
  68  7:03  Zergling x12  
  68  7:04  Zergling x2  
  75  7:08  Drone  
  76  7:17  Glial Reconstitution  
  76  7:19  Hydralisk Den  
  76  7:22  Hatchery  
  74  7:23  Evolution Chamber  
  74  7:24  Evolution Chamber  
  74  7:25  Extractor  
  71  7:40  Spire  
  70  7:48  Queen  
  70  7:50  Extractor  
  71  7:59  Hydralisk x6  
  83  8:11  Overseer x2  
  83  8:18  Overseer x2  
  83  8:20  Pneumatized Carapace  
  83  8:21  Hydralisk  
  83  8:22  Hydralisk x3  
  91  8:28  Baneling x2  
  46  8:52  Zergling x10  
  46  8:53  Zergling x10  
  41  9:05  Roach, Zergling x6  
  46  9:10  Spine Crawler  
  46  9:12  Spine Crawler  
  46  9:13  Queen  
  46  9:32  Hydralisk x3  
Tags
 
Add a new tag
Caveats
  • Supply blocks, unpowered buildings, or Contaminate may cause inaccurate times.
  • Supply counts are checked every 10 seconds.